 Dungeon Crawl Stone Soup version 0.31-a0-1202-ga8fea8b373 (webtiles) character file.

Game seed: 2059162450689810200

58 Malachi the Ruffian (level 4, -1/37 HPs)
             Began as a Vine Stalker Cinder Acolyte on Dec 12, 2023.
             Was a High Priest of Ignis.
             Slain by Pikel
             ... wielding a +0 whip of freezing
              (2 damage)
             ... on level 4 of the Dungeon.
             The game lasted 00:02:26 (1840 turns).

Malachi the Ruffian (Vine Stalker Cinder Acolyte)   Turns: 1840, Time: 00:02:26

Health: -1/37      AC:  3    Str: 18    XL:     4   Next: 2%
Magic:  0/6        EV: 11    Int: 14    God:    Ignis [*****.]
Gold:   88         SH:  0    Dex: 10    Spells: 5/5 levels left

rFire   + .          .
                       - Unarmed
rCold   . . .        (no shield)
rNeg    . . .        a - +0 robe
rPois   .            (no helmet)
rElec   .            (no cloak)
rCorr   .            d - +0 pair of gloves
SInv    .            (no boots)
Will    .....        (no amulet) Stlth
                     (no ring)
HPRegen 1.06/turn    (no ring)
MPRegen 0.10/turn

%: guardian spirit
@: confused, berserking, ambrosia-drunk, very quick
A: fangs 2, regeneration 1, magic shield, antimagic bite, no potion heal 2
a: Renounce Religion, Fiery Armour, Foxfire Swarm, Rising Flame


You were on level 4 of the Dungeon.
You worshipped Ignis.
Ignis was extremely pleased with you.
You visited 1 branch of the dungeon, and saw 4 of its levels.

You collected 88 gold pieces.

Inventory:

Armour
 a - a +0 robe (worn)
 d - a +0 pair of gloves (worn)
Scrolls
 f - 3 scrolls of enchant weapon
Potions
 e - a potion of enlightenment
 h - a potion of brilliance {unknown}


   Skills:
 + Level 3.6 Fighting
 + Level 4.0 Unarmed Combat
 - Level 1.1 Spellcasting
 - Level 3.0 Fire Magic


You had 5 spell levels left.
You didn't know any spells.
Your spell library contained the following spells:

 Spells                   Type           Power      Damage    Failure   Level
 Scorch                   Fire           18%        2d5       12%         2
 Blink                    Tloc           0%         N/A       36%         2
 Manifold Assault         Tloc           0%         N/A       95%         4


Dungeon Overview and Level Annotations

Branches:
Dungeon (4/15)
 Temple: D:4-7

Altars:

Annotations:
D:4 Pikel


Innate Abilities, Weirdness & Mutations

You have extremely sharp teeth.
Your natural rate of healing is unusually fast.
When hurt, damage is shared between your health and your magic reserves.
Your bite disrupts and absorbs the magic of your enemies.
Potions cannot restore your health.


Message History

Pikel is moderately wounded.
You hit Pikel but do no damage. Your bite misses Pikel.
Pikel is moderately wounded.
Pikel barely misses you.
You hit Pikel but do no damage.
Pikel is moderately wounded.
Pikel hits you with a +0 whip of freezing.
Pikel freezes you.
You hit Pikel. Your bite misses Pikel.
Pikel is moderately wounded.
Pikel completely misses you.
You hit Pikel but do no damage. Your bite misses Pikel.
Pikel is moderately wounded.
Pikel closely misses you.
You hit Pikel but do no damage.
Pikel is moderately wounded.
Pikel hits you with a +0 whip of freezing!
* * * LOW HITPOINT WARNING * * *
Pikel freezes you.
* * * LOW HITPOINT WARNING * * *
A sleepcap comes into view.
It was a potion of ambrosia.
You are confused.
Your system rejects the healing.
You feel invigorated.
Pikel hits you with a +0 whip of freezing!
* * * LOW HITPOINT WARNING * * *
Pikel freezes you.
* * * LOW HITPOINT WARNING * * *
It was a potion of berserk rage.
A red film seems to cover your vision as you go berserk!
You feel yourself moving faster!
You feel mighty!
Pikel hits you with a +0 whip of freezing.
* * * LOW HITPOINT WARNING * * *
Pikel freezes you.
* * * LOW HITPOINT WARNING * * *
You bump into the rock wall.
You feel a strong urge to attack something.
Pikel hits you with a +0 whip of freezing.
You die...
Pikel says, "Another soul for the market."

#..###..#####
#######..#........#
#..........#..###.#
##.#...#..###..# #
##..............###.###.
....<...##..............
##...#.#########.######.
#####.# #.# #.# #@# #+#
#K# #5# #.f55.# #.#.#.#
#.....# > ... .
##.....## .#...


You could see Pikel, 3 lemures and a sleepcap.

Vanquished Creatures
  A lemure (D:4)
  An adder (D:3)
  A gnoll (D:1)
  2 dart slugs
  An orc (D:3)
  4 ball pythons
  4 endoplasms
  4 giant cockroaches
  3 goblins
  2 hobgoblins (D:3)
  7 kobolds
  A quokka (D:3)
  3 frilled lizards
  A rat (D:1)
35 creatures vanquished.

Notes
Turn   | Place    | Note
-------+----------+-------------------------------------------
     0 | D:1      | Malachi the Vine Stalker Cinder Acolyte began the quest for
                  | the Orb.
     0 | D:1      | Reached XP level 1. HP: 11/11 MP: 3/3
   177 | D:1      | Reached XP level 2. HP: 11/14 MP: 2/4
   397 | D:1      | Reached XP level 3. HP: 11/20 MP: 1/5
  1544 | D:3      | Reached XP level 4. HP: 25/25 MP: 6/6
  1547 | D:3      | Reached skill level 4 in Unarmed Combat
  1647 | D:4      | Noticed a lemure
  1673 | D:4      | Killed a lemure
  1674 | D:4      | Noticed Pikel
  1816 | D:4      | Noticed a lemure
  1816 | D:4      | Noticed a lemure
  1816 | D:4      | Noticed a lemure
  1838 | D:4      | HP: 1/25 [Pikel/+0 whip of freezing (1)]
  1840 | D:4      | Slain by Pikel

Illustrated notes

Levels and vault maps discovered:
D:1:      mrwooster_arrival_statue, layout_basic, moated_statue,
          minmay_box_of_dots
D:2:      layout_basic, chequers_ecumenical_altar_grove
D:3:      layout_basic
D:4:      layout_loops_corners, gammafunk_temple_overflow_wave,
          nicolae_sif_muna_condensation, minmay_temple_entry_sparse_star,
          grunt_ministairs_8, uniq_pikel, uniq_grinder

Skill      XL: |  1  2  3  4 |
---------------+-------------+-----
Fighting       | 3 |  3.6
Unarmed Combat | 4 |  4.0
Spellcasting   | |  1.1
Fire Magic     | |  3.0

Action                     |  1- 3 |  4- 6 || total
---------------------------+-------+-------++-------
  Melee: Unarmed           |   108 |    40 ||   148
         Bite              |    15 |     8 ||    23
         Punch             |     2 |       ||     2
    Use: Scroll            |     3 |     3 ||     6
         Potion            |       |     2 ||     2
 Armour: Robe              |    55 |    21 ||    76
  Dodge: Dodged            |    47 |    19 ||    66

Table legend: (Time is in decaauts)
 A = Elapsed time spent in this place.
 B = Non-inter-level travel time spent in this place.
 C = Inter-level travel time spent in this place.
 D = Time resting spent in this place.
 E = Time spent auto-exploring this place.
 F = Levels seen in this place.
 G = Mean time per level.
                   A        B        C        D        E       F      G
               +--------+--------+--------+--------+--------+-----+--------+
         Total |   1830 |   1768 |     62 |    129 |   1330 |   4 |  457.5 |
       Dungeon |   1830 |   1768 |     62 |    129 |   1330 |   4 |  457.5 |
               +--------+--------+--------+--------+--------+-----+--------+

Top non-repeatable levels by time:
     D:3: 583 daAuts
     D:1: 542 daAuts
     D:2: 494 daAuts
     D:4: 209 daAuts
